[Event "1st Serbian League 2022"]
[Site "Vrnjacka Banja"]
[Date "2022.09.26"]
[Round "7.1"]
[White "Demchenko, Anton"]
[Black "Yilmazyerli, Mert"]
[Result "1-0"]
[ECO "B30"]
[WhiteElo "2645"]
[BlackElo "2533"]
[Annotator "TA"]
[PlyCount "77"]
[EventDate "2022.09.20"]
[EventType "team-tourn"]
[EventCountry "SRB"]
[SourceTitle "playchess.com"]
[Source "ChessBase"]
[SourceQuality "1"]
[TimeControl "40/5400+30:1800+30"]

1. e4 c5 2. Nf3 Nc6 3. Bb5 e6 4. Bxc6 bxc6 5. d3 Ne7 6. Nbd2 {[%emt 0:00:08] B30: Sicilian: 2...Nc6 3 Bb5, lines without ...g6.} d6 7. e5 Nf5 8. exd6 {[%emt 0:00:23] White is slightly better.} Bxd6 9. Ne4 Be7 10. Ne5 Qc7 11. Bf4 {[%emt 0:00:48][%cal Oe5g6] Hoping for Ng6!} Qb7 12. Nc4 {[%emt 0:00:13] Black must now prevent g4. Pair of Knights!} O-O {[%emt 0:02:24] [#]} 13. Qd2 $146 ({Predecessor:} 13. O-O f6 14. b3 e5 15. Bc1 Be6 16. Ba3 Qb5 17. Ne3 Nxe3 18. fxe3 Qa5 19. Bb2 {½-½ (47) Gopal,G (2593)-Yilmazyerli,M (2520) Kavala 2022}) 13... f6 14. Be3 Nd4 15. f4 {[%emt 0:08:45] Inhibits e5.} e5 (15... f5 $142 16. Ng3 Qc7) 16. O-O-O exf4 17. Bxf4 Be6 18. c3 Bxc4 19. dxc4 Ne6 20. Nd6 Bxd6 21. Bxd6 Rfe8 22. Rhe1 Rad8 23. Qc2 Qf7 24. Qf5 {[%emt 0:07:49] White has more active pieces.} Ng5 (24... Qg6 $14 {is superior.} 25. g4 Kf7) 25. h4 (25. Bxc5 $6 Rxd1+ 26. Rxd1 Qxc4 $11) (25. Qxc5 Ne4 26. Qxc6 Rxd6 27. Rxd6 Nxd6 28. Rxe8+ Nxe8 $17) 25... g6 (25... Rxe1 $2 26. Rxe1 g6 27. Qxc5 $18) 26. Rxe8+ ({Not} 26. Qxc5 Ne4 27. Qxc6 Rxd6 28. Rxd6 Nxd6 29. Rxe8+ Nxe8 $17) 26... Qxe8 27. Qf4 {[%emt 0:13:13] Inhibits Qe3+.} (27. Qxc5 $2 Ne4 28. Re1 Nxc5 $19) ({Don't do} 27. Qxf6 Qe3+ 28. Kb1 Nf7 $14) 27... Ne4 28. Re1 $1 f5 {[%emt 0:02:07] [#]} 29. Bxc5 (29. Bc7 $1 $16 Rd7 30. g4) 29... Qf7 30. Be3 Qxc4 {[%emt 0:00:45] [#]} ({Better is} 30... Re8 $14) 31. Qc7 $1 $16 {[%emt 0:01:06] Threatening mate with Bh6.} Qd5 32. Qxa7 c5 33. Qe7 Rd7 34. Qe8+ Kg7 35. Bf4 $40 {[%emt 0:00:06][%cal Og2g4][%mdl 128] White wants a kill.} Qd3 $2 {[%emt 0:03:59][%mdl 8192] This move loses the game for Black.} (35... Qf7 $16 36. Qxf7+ Kxf7) 36. g4 $18 {[%emt 0:02:52] White is clearly winning.} Nf6 {[%emt 0:00:49] [#]} 37. Bh6+ $1 Kxh6 38. Qf8+ Rg7 39. Qxf6 {[%emt 0:00:03] Weighted Error Value: White=0.06 (flawless) /Black=0.30} 1-0

[Event "1st Serbian League 2022"]
[Site "Vrnjacka Banja"]
[Date "2022.09.26"]
[Round "7.2"]
[White "Gokerkan, Cem Kaan"]
[Black "Atalik, Suat"]
[Result "1/2-1/2"]
[ECO "C42"]
[WhiteElo "2465"]
[BlackElo "2436"]
[Annotator "TA"]
[PlyCount "110"]
[EventDate "2022.09.20"]
[EventType "team-tourn"]
[EventCountry "SRB"]
[SourceTitle "playchess.com"]
[Source "ChessBase"]
[SourceQuality "1"]
[TimeControl "40/5400+30:1800+30"]

1. e4 e5 2. Nf3 Nf6 3. Nxe5 d6 4. Nf3 Nxe4 5. d4 d5 6. Bd3 Bd6 7. O-O O-O 8. Re1 Bf5 9. c4 c6 10. Qc2 {[%emt 0:08:31] C42: Petroff Defence: 3 Nxe5 and unusual White 3rd moves.} Bg6 11. c5 Bc7 12. Nc3 {[%emt 0:00:04][%cal Rc3e4] White has an edge.} Na6 {[%emt 0:17:39] Hoping for ...Nb4.} 13. a3 {[%emt 0:02:33][%cal Rc3e4] Prevents Nb4.} ({But not} 13. Bxe4 dxe4 14. Rxe4 (14. Nxe4 Re8 $17) 14... Qd7 $15) (13. Nxe4 $2 Nb4 14. Bg5 (14. Nf6+ $2 Qxf6 15. Bxg6 Nxc2 $19) 14... f6 $19) 13... Re8 14. Bg5 Nxg5 {[%emt 0:03:30] [#]} 15. Rxe8+ $146 ({Predecessor:} 15. Nxg5 Qe7 16. Nf3 {½-½ (16) Mista,A (2569)-Landa,K (2613) Mulhouse 2011}) 15... Qxe8 16. Nxg5 Qe7 17. Nf3 Re8 18. Bxg6 hxg6 19. Qd2 f6 20. Re1 Qf7 21. h4 Rxe1+ 22. Qxe1 Nb8 23. b4 a6 24. a4 Kf8 25. Kf1 Qe8 26. Qb1 Nd7 27. b5 axb5 28. axb5 Ba5 (28... Kg8 $142) 29. Ne2 $1 $16 Qe4 (29... Ke7 $142 30. Qa1 Bc7) 30. Qa2 $18 Bb4 31. Qb3 {[%emt 0:00:39] Prevents Qd3.} ({Resist} 31. bxc6 bxc6 32. Kg1 Nxc5 33. dxc5 Bxc5 34. Qa8+ Qe8 $18) 31... Ba5 32. Ng3 Qf4 33. Qa3 {[%emt 0:00:47] Prevents Qc1+.} Bd8 34. Ne2 Qb8 35. g3 Kf7 {[%emt 0:00:34] [#]} 36. Nd2 {[%emt 0:05:27] White is more active.} ({White should play} 36. bxc6 $1 $16 bxc6 37. Qa6) 36... Nf8 $14 37. b6 {[%emt 0:04:23] Threatens to win with Qa7.} Ne6 38. Nb3 {[%emt 0:00:52] Black must now prevent Qa7.} Be7 {[%emt 0:00:13] The position is equal.} 39. Qa2 g5 40. h5 Qc8 41. Kg2 f5 42. Qc2 Bf6 43. Kf1 ({Not} 43. Qxf5 $2 {[#]} Nf4+ $1 44. Qxf4 gxf4 $19) 43... Nf8 44. g4 f4 45. Qf5 Qa8 46. Qd3 Qa4 47. Ke1 Ne6 48. f3 Ke7 49. Kd2 Kd7 50. Qc3 Kc8 51. Qd3 Qb4+ 52. Qc3 Qc4 53. Qd3 Qb4+ 54. Qc3 Qa4 55. Qd3 Qb4+ {[%emt 0:00:21] White really could win this.  Weighted Error Value: White=0.10 (very precise) /Black=0.09 (flawless)} 1/2-1/2

[Event "1st Serbian League 2022"]
[Site "Vrnjacka Banja"]
[Date "2022.09.26"]
[Round "7.3"]
[White "Vucinic, Gojko"]
[Black "Arsovic, Goran"]
[Result "1/2-1/2"]
[ECO "B91"]
[WhiteElo "2380"]
[BlackElo "2362"]
[Annotator "TA"]
[PlyCount "109"]
[EventDate "2022.09.20"]
[EventType "team-tourn"]
[EventCountry "SRB"]
[SourceTitle "playchess.com"]
[Source "ChessBase"]
[SourceQuality "1"]
[TimeControl "40/5400+30:1800+30"]

1. e4 c5 2. Nf3 d6 3. d4 cxd4 4. Nxd4 Nf6 5. Nc3 a6 6. g3 e5 7. Nde2 Be7 8. Bg2 b5 9. Nd5 {[%emt 0:03:49] B91: Sicilian Najdorf: 6 g3.} Nxd5 10. Qxd5 Ra7 11. Be3 Rb7 12. O-O Nd7 13. Qd2 Nf6 {[%emt 0:05:42] [#]} 14. Bg5 $146 ({Predecessor:} 14. Nc3 Be6 15. Bg5 O-O 16. Rfd1 b4 17. Bxf6 Bxf6 18. Nd5 Bg5 19. Qd3 Rb5 20. h4 {½-½ (53) Chukavin,K (2370)-Yuffa,D (2556) Riga 2021}) 14... Ng4 15. Bxe7 Kxe7 16. Nc3 Nf6 17. f4 Re8 18. Rad1 b4 19. fxe5 dxe5 20. Qf2 {[%emt 0:00:03] White threatens Qc5+ and mate. The board is on fire.} Qb6 {[%emt 0:04:03] Inhibits Qc5+.} 21. Qxb6 Rxb6 22. Rxf6 Rxf6 23. Nd5+ {[%emt 0:00:04][%mdl 64] Deflection, Double Attack} Kf8 {[%emt 0:00:00] Strongly threatening ...Rd6.} 24. Nxf6 gxf6 $11 {[%emt 0:00:00][%mdl 4096] Endgame KRB-KRB} 25. Bf1 Ke7 26. Rd5 Bb7 27. Ra5 Bxe4 28. Rxa6 Rc8 29. Rb6 Rxc2 ({Of course not} 29... Bxc2 30. Rxb4 Bg6 31. a4 $14) 30. Rxb4 Bd5 {[%emt 0:00:00] Hoping for ...e4.} 31. Bd3 {[%emt 0:01:49] [#] Inhibits e4.} (31. a4 $15) 31... Rg2+ $1 $19 32. Kf1 Rd2 (32... Rxh2 $17 33. a4 Kd6) 33. Bxh7 Rxh2 34. Bf5 Bxa2 35. Rb7+ {[%emt 0:00:13] [#]} Kf8 $1 36. Be4 (36. Rb8+ $17 Kg7 37. b4) 36... Bc4+ 37. Kg1 Re2 38. Bf3 Re3 (38... Rd2 $19 {aiming for ...f5.} 39. Rb4 Bd3) 39. Rb8+ $17 Ke7 40. Kf2 Rb3 41. Rxb3 Bxb3 {[%emt 0:30:05] KB-KB} 42. Ke3 f5 43. Be2 Kd6 44. Bd3 Be6 45. Bc2 Kc5 46. Bd1 Kb4 47. Bc2 f6 48. Bd1 Bb3 49. Bh5 Bd5 {[%emt 0:00:00] ...Kb3 is the strong threat.} 50. Bd1 Be4 51. Kd2 Bb1 52. Ke3 Kc4 53. Ba4 Kb4 54. Bd1 Kc4 55. Ba4 $1 {[%emt 0:00:00] Weighted Error Value: White=0.08 (flawless) /Black=0.08 (flawless)} 1/2-1/2

[Event "1st Serbian League 2022"]
[Site "Vrnjacka Banja"]
[Date "2022.09.26"]
[Round "7.4"]
[White "Rajkovic, Mladen"]
[Black "Saric, Sinisa"]
[Result "1/2-1/2"]
[ECO "B01"]
[WhiteElo "2335"]
[BlackElo "2372"]
[Annotator "TA"]
[PlyCount "73"]
[EventDate "2022.09.20"]
[EventType "team-tourn"]
[EventCountry "SRB"]
[SourceTitle "playchess.com"]
[Source "ChessBase"]
[SourceQuality "1"]
[TimeControl "40/5400+30:1800+30"]

1. e4 d5 2. exd5 Qxd5 3. Nc3 Qa5 4. d4 Nf6 5. Nf3 Bf5 6. Bc4 e6 7. Bd2 {[%emt 0:00:09][%cal Oc3d5] [#] Threatens to win with Nd5! B01: Scandinavian Defence.} Bb4 $1 {[%emt 0:00:16][%mdl 4] is more profitable than 7...c6 at the moment.} 8. a3 Bxc3 9. Bxc3 Qb6 10. b3 Nc6 11. O-O O-O 12. Qe2 {[%emt 0:11:44] [#]} Bg4 $146 ({Predecessor:} 12... Be4 13. Rad1 Rad8 14. Ng5 Bd5 15. Bd3 h6 16. Nh3 Kh8 17. Qe3 Ne7 18. Nf4 Nf5 19. Bxf5 exf5 {0-1 (68) Mekhitarian,K (2545)-Zelbel,P (2440) Chess.com INT 2018}) 13. h3 Bxf3 14. Qxf3 Rad8 15. Rad1 Rd6 (15... Nxd4 $11 {is superior.} 16. Rxd4 Rxd4) 16. Rd2 (16. d5 $14 exd5 17. Bxd5) 16... Rfd8 17. Rfd1 Nxd4 18. Rxd4 Rxd4 19. Rxd4 Rxd4 20. Bxd4 Qxd4 21. Qxb7 $11 {[%emt 0:00:04][%mdl 4096] Endgame White threatens Qb8+ and mate. KQB-KQN} g5 (21... g6 $11 {keeps the balance.}) 22. Qf3 (22. Qb8+ $16 Kg7 23. Qxc7) 22... Kg7 23. a4 h5 24. Qe3 (24. Bd3 $11) 24... Qxe3 $15 25. fxe3 {[%emt 0:00:01] KB-KN} Ne4 26. Bd3 {[%emt 0:02:08] [#]} Nc5 ({Black should play} 26... Nc3 $1 $17) 27. Kf2 (27. Bb5 $11) 27... f5 (27... Nxd3+ $17 28. cxd3 Kf6) 28. Ke2 $11 Kf6 29. a5 e5 30. b4 Ne6 31. Bc4 Nd8 32. e4 f4 33. c3 g4 34. hxg4 (34. Bd5 $11 {remains equal.}) 34... hxg4 $17 35. Bd5 (35. Kf2 $17) 35... Ke7 $15 36. g3 Kd6 ({Don't do} 36... fxg3 37. Kf1 $14) 37. c4 {[%emt 0:01:39] Weighted Error Value: White=0.20 (precise) /Black=0.12 (very precise)} 1/2-1/2

[Event "1st Serbian League 2022"]
[Site "Vrnjacka Banja"]
[Date "2022.09.26"]
[Round "7.5"]
[White "Milosevic, Milos"]
[Black "Mijailovic, Zoran"]
[Result "1/2-1/2"]
[ECO "C24"]
[WhiteElo "2379"]
[BlackElo "2345"]
[Annotator "ChessBase"]
[PlyCount "46"]
[EventDate "2022.09.20"]
[EventType "team-tourn"]
[EventCountry "SRB"]
[SourceTitle "playchess.com"]
[Source "ChessBase"]
[SourceQuality "1"]
[TimeControl "40/5400+30:1800+30"]

1. e4 e5 2. Bc4 Nf6 3. d3 c6 4. Nf3 Be7 5. O-O d6 6. c3 O-O 7. Nbd2 Nbd7 8. Re1 Nc5 9. b4 Ne6 10. a4 Qc7 11. Bb3 a5 12. bxa5 Rxa5 13. Nc4 Ra6 14. Ba3 b5 15. Ne3 bxa4 16. Bc4 Ra7 17. Nf5 c5 18. d4 Rd8 19. Nxe7+ Qxe7 20. Qd2 Qc7 21. Rac1 h6 22. h3 Nf4 23. Qe3 Ra8 1/2-1/2

[Event "1st Serbian League 2022"]
[Site "Vrnjacka Banja"]
[Date "2022.09.26"]
[Round "7.6"]
[White "Todorovic, Jovan"]
[Black "Markovic, Miroslav"]
[Result "1/2-1/2"]
[ECO "B13"]
[WhiteElo "2350"]
[BlackElo "2275"]
[Annotator "TA"]
[PlyCount "40"]
[EventDate "2022.09.20"]
[EventType "team-tourn"]
[EventCountry "SRB"]
[SourceTitle "playchess.com"]
[Source "ChessBase"]
[SourceQuality "1"]
[TimeControl "40/5400+30:1800+30"]

1. e4 d5 2. exd5 Nf6 3. c4 c6 4. d4 cxd5 5. Nc3 Nc6 6. cxd5 Nxd5 7. Nf3 Bg4 8. Qb3 Bxf3 9. gxf3 e6 10. Qxb7 Nxd4 11. Bb5+ Nxb5 12. Qc6+ Ke7 13. Qxb5 Qd7 14. Nxd5+ Qxd5 15. Qxd5 exd5 {[%emt 0:00:01] [#]} {Predecessor:} 16. O-O $146 {B13: Caro-Kann: Exchange Variation and Panov-Botvinnik Attack.} Ke6 17. Re1+ Kf5 18. Rd1 Ke6 19. Re1+ Kf5 20. Rd1 Ke6 {½-½ (20) Lintchevski,D (2567)-Kokarev,D (2579) Khanty-Mansiysk 2021} 1/2-1/2

[Event "1st Serbian League 2022"]
[Site "Vrnjacka Banja"]
[Date "2022.09.26"]
[Round "7.7"]
[White "Budisavljevic, Luka"]
[Black "Ter-Sahakyan, Samvel"]
[Result "1/2-1/2"]
[ECO "D38"]
[WhiteElo "2524"]
[BlackElo "2630"]
[Annotator "TA"]
[PlyCount "45"]
[EventDate "2022.09.20"]
[EventType "team-tourn"]
[EventCountry "SRB"]
[SourceTitle "playchess.com"]
[Source "ChessBase"]
[SourceQuality "1"]
[TimeControl "40/5400+30:1800+30"]

1. Nf3 d5 2. d4 Nf6 3. c4 e6 4. Nc3 Bb4 5. Qb3 c5 6. dxc5 Nc6 {[%emt 0:00:09] [#] White must now prevent ...d4. D38: Queen's Gambit Declined: Ragozin Defence (4 Nf3 Bb4).} 7. Bg5 Qa5 $1 {[%emt 0:01:48] Threatens to win with ...d4. The main line 7...Qa5 scores better than 7...dxc4.} 8. Bxf6 {[%emt 0:00:11] The position is equal.} dxc4 9. Qxc4 gxf6 10. Rc1 Qxc5 11. Qh4 Ke7 12. g3 Bxc3+ 13. Rxc3 Qb4 14. Qxb4+ Nxb4 15. a3 Nd5 16. Rc2 Bd7 {[%emt 0:00:00] [#] A balanced but interesting game.  Weighted Error Value: White=0.00 (flawless) /Black=0.01 (flawless)} {Predecessor:} 17. Bg2 $146 Nb6 18. Rc7 Rab8 19. Kd2 Nd5 20. Rc5 b6 21. Rc4 Bb5 22. Rh4 Rhd8 23. Nd4 {0-1 (39) Mamedyarov,S (2759)-Ding,L (2806) chess24.com INT 2022} 1/2-1/2

[Event "1st Serbian League 2022"]
[Site "Vrnjacka Banja"]
[Date "2022.09.26"]
[Round "7.8"]
[White "Stojanovic, Mihajlo"]
[Black "Puranik, Abhimanyu"]
[Result "0-1"]
[ECO "D87"]
[WhiteElo "2494"]
[BlackElo "2603"]
[Annotator "TA"]
[PlyCount "78"]
[EventDate "2022.09.20"]
[EventType "team-tourn"]
[EventCountry "SRB"]
[SourceTitle "playchess.com"]
[Source "ChessBase"]
[SourceQuality "1"]
[TimeControl "40/5400+30:1800+30"]

1. d4 Nf6 2. c4 g6 3. Nc3 d5 4. cxd5 Nxd5 5. e4 Nxc3 6. bxc3 Bg7 7. Bc4 c5 8. Ne2 Nc6 9. Be3 O-O 10. O-O Bg4 11. f3 Bd7 {[%emt 0:00:05] The modern move.} 12. dxc5 {[%emt 0:11:38] D87: Exchange Grünfeld: Classical Line: Variations without ...cxd4.} Na5 13. Bd3 Qc7 14. Nd4 {[%emt 0:27:51] The position is equal.} Rfd8 15. Qe2 {[%emt 0:01:47] [#]} e5 $146 ({Predecessor:} 15... e6 16. f4 Bf8 17. f5 Bxc5 18. f6 Rac8 19. Qf2 Ba4 20. Kh1 e5 21. Ne6 Bxe3 22. Qxe3 fxe6 {0-1 (37) Nemtsas,H (1934)-Delithanasis,D (2181) Athens 2014}) 16. Nb3 Bf8 17. Kh1 Rac8 18. h4 a6 19. Rab1 Nxb3 20. Rxb3 (20. axb3 $11 {remains equal.} Bxc5 21. Bg5) 20... Be6 $17 21. Bc4 Bxc4 22. Qxc4 b5 (22... Bxc5 23. Qxc5 Qxc5 24. Bxc5 Rxc5 25. Rxb7 $11) 23. Qb4 (23. Qe2 $17) 23... Rd3 $1 $19 (23... Bxc5 24. Bxc5 Qxc5 25. a4 $15) 24. Bf2 {[%emt 0:03:44] [#]} Rd2 $1 (24... Bxc5 25. Bxc5 Qxc5 26. a4 $17) 25. Qa3 {[%emt 0:06:19] [#]} (25. Rb2 $142 Rxf2 26. Rfxf2 (26. Rbxf2 Bxc5 27. Qb2 Qd8 $17) 26... Bxc5 27. Qb3) 25... Rxf2 $1 {[%emt 0:06:36][%mdl 576] Remove Defender, Decoy} 26. Rxf2 Bxc5 27. Qb2 Qd8 28. g3 Qd1+ 29. Kg2 Bxf2 30. Qxf2 {[%emt 0:00:42][%mdl 4096] Endgame KQR-KQR} b4 31. Rxb4 (31. Qf1 Qxf1+ 32. Kxf1 bxc3 33. Rb1) 31... Rxc3 {[%emt 0:00:55] aiming for ...Rc1.} 32. Rb2 Rc1 33. Rb4 Rc3 $2 (33... Qh1# {mates}) 34. Rb2 $1 $15 ({Not} 34. Rb8+ $2 Kg7 35. Rb7 Rc2 $19) 34... Rc1 $40 {[%emt 0:00:33][%csl Gc1][%cal Rd1h1][%mdl 128] Black has some attack.} (34... h5 $5 35. Qe2 Qxe2+ 36. Rxe2 a5 $15) 35. Kh3 $2 {[%emt 0:00:00][%mdl 8192] [#]} (35. Rb4 $11 Qh1#) 35... Qh1+ $1 36. Kg4 Rf1 37. Qg2 h5+ {[%emt 0:00:28] Black mates.} 38. Kg5 Qxg2 39. Rxg2 Kg7 {[%emt 0:00:03] Weighted Error Value: White=0.81/Black=0.17 (very precise)} 0-1

[Event "1st Serbian League 2022"]
[Site "Vrnjacka Banja"]
[Date "2022.09.26"]
[Round "7.9"]
[White "Gagunashvili, Merab"]
[Black "Pezelj, Novak"]
[Result "1-0"]
[ECO "B07"]
[WhiteElo "2552"]
[BlackElo "2496"]
[Annotator "TA"]
[PlyCount "93"]
[EventDate "2022.09.20"]
[EventType "team-tourn"]
[EventCountry "SRB"]
[SourceTitle "playchess.com"]
[Source "ChessBase"]
[SourceQuality "1"]
[TimeControl "40/5400+30:1800+30"]

1. d4 g6 2. e4 Bg7 3. Nc3 d6 4. Be3 Nf6 5. f3 c6 6. Qd2 Nbd7 7. g4 Qa5 8. Nge2 Nb6 {[%emt 0:09:52] B07: Pirc Defence: Miscellaneous Systems.} (8... b5 $14) 9. Nc1 $16 {[%emt 0:12:05] Threatens to win with Nb3.} Nbd7 10. h4 {[%emt 0:06:07] [#]} h6 $146 {[%emt 0:15:12] White is better.} ({Predecessor:} 10... h5 11. g5 Ng8 12. Bg2 Qc7 13. O-O Nb6 14. b3 Bd7 15. Nd3 e6 16. a4 Ne7 {1-0 (25) Maes,W (2245)-Hulet,G (1914) Charleroi 2011}) 11. Rg1 (11. Nb3 $16 Qc7 12. a4) 11... Qc7 (11... b5 $14 {might be stronger.}) 12. a4 b6 13. Be2 {[%emt 0:04:35] White is more active.} a6 14. Nd3 Bb7 15. f4 c5 16. d5 e6 17. Nf2 (17. g5 $16 hxg5 18. fxg5 (18. hxg5 Nxe4 19. Nxe4 exd5 $11) 18... Nxe4 19. Nxe4) 17... exd5 $11 18. exd5 Ng8 19. h5 Ne7 20. hxg6 fxg6 21. Nfe4 Nf6 22. Nxf6+ Bxf6 23. Bc4 h5 24. O-O-O b5 25. Ba2 (25. axb5 axb5 26. Bxb5+ Kf7 27. gxh5 Qa5 $17) (25. Ne4 $14 Bxb2+ 26. Kxb2 bxc4 27. gxh5 gxh5 28. Rg7) 25... hxg4 $2 (25... Bxc3 $11 {and Black has nothing to worry.} 26. Qxc3 O-O-O) 26. Ne4 $1 $18 Bg7 {[%emt 0:00:36] [#]} 27. Nxc5 Bc8 $16 28. Ne6 Bxe6 29. dxe6 Nf5 30. a5 (30. Rxg4 bxa4 31. Rxg6 Rb8 $11) 30... g3 31. Rh1 {[%emt 0:00:48] Inhibits Rh2.} (31. Bb6 $16 Qe7 32. Kb1) 31... Rc8 {[%emt 0:00:11] [#]} (31... Rxh1 $1 $11 32. Rxh1 Qe7) 32. Bb6 (32. Rxh8+ $1 $18 Bxh8 33. Bb6) 32... Qe7 $2 (32... Rxh1 $1 $14 33. Rxh1 (33. Bxc7 Rh2 $11) 33... Qe7) 33. Rxh8+ $18 Bxh8 {[%emt 0:00:02] [#]} 34. Kb1 $1 (34. c3 b4 35. c4 Kf8 $14) 34... Bf6 35. Bd5 Qg7 $2 (35... Kf8 $16 {is more resistant.} 36. Qd3 Kg7) 36. c3 $2 (36. Be4 {Strongly threatening Bxf5.} Kf8 37. Qd5) 36... Ke7 $2 (36... Qe7 {is a better chance.} 37. Qe2 Kf8) 37. Be4 {[%emt 0:00:35] This bishop pair is nice. White is clearly winning.} Bxc3 38. bxc3 (38. Qd5 $142 {Intending Qb7+ and mate.} Qf8 39. bxc3) 38... Qxc3 39. Qxc3 ({Weaker is} 39. Qd5 Qb4+ 40. Ka1 Qa3+ 41. Kb1 Qb4+ 42. Ka2 Qa4+ 43. Kb2 Qb4+ 44. Ka2 Qa4+ 45. Kb2 Qb4+ 46. Ka2 $11) 39... Rxc3 40. Bb7 Ne3 41. Rc1 g2 {[%emt 0:00:31] ...Rxc1+ is the strong threat.} 42. Bxe3 Rxe3 43. Bxg2 {[%emt 0:00:48] And now Bd5 would win.} Kxe6 44. Kb2 {[%emt 0:01:02] Inhibits Rb3+.} Kf5 (44... Rd3 $142 45. Bb7 Rd2+ 46. Kb3 Rd3+ 47. Rc3 Rd4 48. Bxa6 Ra4 49. Bc8+ Ke7) 45. Bb7 Kxf4 46. Bxa6 Re4 47. Ra1 {[%emt 0:01:25] Weighted Error Value: White=0.51/Black=0.70} 1-0

[Event "1st Serbian League 2022"]
[Site "Vrnjacka Banja"]
[Date "2022.09.26"]
[Round "7.10"]
[White "Ratkovic, Milovan"]
[Black "Pap, Misa"]
[Result "0-1"]
[ECO "E11"]
[WhiteElo "2411"]
[BlackElo "2381"]
[Annotator "TA"]
[PlyCount "98"]
[EventDate "2022.09.20"]
[EventType "team-tourn"]
[EventCountry "SRB"]
[SourceTitle "playchess.com"]
[Source "ChessBase"]
[SourceQuality "1"]
[TimeControl "40/5400+30:1800+30"]

1. d4 Nf6 2. c4 e6 3. Nf3 Bb4+ 4. Bd2 c5 5. Bxb4 cxb4 6. a3 bxa3 7. Rxa3 {[%emt 0:00:41] 7.Nxa3 is vanishing.} Nc6 {[%emt 0:05:45] E11: Bogo-Indian.} 8. Nc3 O-O 9. e4 d6 {[%emt 0:00:08] White is slightly better.} 10. Be2 e5 11. d5 Nb4 12. O-O {[%emt 0:02:46][%cal Oc4c5] [#]} Qc7 $146 ({Predecessor:} 12... Bg4 13. Ne1 Bxe2 14. Qxe2 Nd7 15. Nd3 Nxd3 16. Qxd3 Nc5 17. Qd2 a5 18. Rfa1 Rc8 {1-0 (47) Lazavik,D (2424)-Moiseenko,A (2620) Chess.com INT 2020}) 13. Ne1 a5 14. Nd3 Bd7 15. Kh1 Qb6 {[%emt 0:07:20] [#]} (15... Rfc8 $11) 16. Qb3 $1 $16 Rfe8 17. Rfa1 Ra6 18. f3 (18. c5 dxc5 19. f3 (19. Nxb4 cxb4 20. Bxa6 Ng4 $17) 19... Raa8 $15) 18... h5 19. c5 dxc5 20. Nxb4 {[%emt 0:00:56][%mdl 64] Pin} a4 21. Nxa4 Bxa4 (21... Rxa4 $14 22. Rxa4 Bxa4 23. Rxa4 cxb4) 22. Rxa4 $2 (22. Qe3 $18 Qxb4 23. Bxa6) 22... Rxa4 23. Rxa4 {[%emt 0:03:35] aiming for Qe3.} cxb4 24. Rxb4 Qf2 25. Qd1 {[%emt 0:12:36] Prevents Qe1+.} Ra8 {[%emt 0:02:37][%cal Of2e2] ...Qxe2! is the strong threat.} 26. Bf1 (26. h3 $5 ) 26... h4 {[%emt 0:02:17] [#]} (26... Rc8 $1 $11) 27. d6 ({Stronger than} 27. Rxb7 Rc8 28. Rb3 Rc2 $17) (27. Rb3 $1 $16) 27... Rc8 $11 28. Rc4 (28. Rxb7 $2 Rc2 29. f4 (29. d7 {gets mated.} h3 30. d8=R+ Kh7) 29... h3 $19) 28... Rd8 29. Rc1 Qxb2 30. Qe1 h3 {[%emt 0:00:25] Threatening ...hxg2+.} 31. gxh3 (31. g3 $1 $11) 31... Qa3 $17 {[%emt 0:00:06] Black is more active.} 32. Rc3 (32. Qc3 $17 Qxd6 33. Qc7) 32... Qxd6 $19 33. Rd3 Qc7 ({Black should play} 33... Qe7 $19 {White must now prevent ...Rxd3.} 34. Rxd8+ Qxd8) 34. Rxd8+ $2 (34. Qc3 $1 $15 Rc8 35. Qxc7 Rxc7 36. Rb3) 34... Qxd8 $15 {[%emt 0:00:07][%mdl 4096] Endgame KQB-KQN} 35. Bc4 Qd4 36. Qe2 Nh5 37. h4 $2 (37. Bb5 {was called for.}) 37... Nf4 $19 38. Qf1 g6 39. Bb5 Kg7 40. Bc4 Qc3 41. Kg1 (41. h3 {keeps fighting.}) 41... Qe3+ 42. Kh1 f6 {[%emt 0:00:26] Threatens to win with ...Kh6.} 43. Bb5 $2 (43. h5 Nxh5 44. Qe2) 43... Kh6 44. Bc4 Kh5 45. Bb5 Kxh4 {[%emt 0:01:04] And now ...g5 would win.} 46. Bc4 g5 {[%emt 0:01:15] ( -> ...g4)} 47. Bd5 b5 {[%emt 0:00:24][%cal Bb7b5,Bb5b4][%mdl 32] Black mates.} 48. Bc6 b4 49. Bd5 Kh5 {[%emt 0:01:35] Quite a comeback for Black.  Weighted Error Value: White=0.87/Black=0.28 (precise)} (49... b3 $142 50. Bxb3 Qxb3 51. Qf2+ Kh5 52. Qf1 g4 53. fxg4+ Kxg4 54. Qg1+ Kh5 55. Qf1 Qe3 56. h4 Qxe4+ 57. Kh2 Qe2+ 58. Qxe2+ Nxe2 59. Kh1 Kxh4 60. Kg2 Ng3 61. Kf2 e4 62. Kg2 f5 63. Kf2 f4 64. Ke1 e3 65. Kd1 f3 66. Kc1 f2 67. Kb2 e2 68. Kc3 e1=Q+ 69. Kd4 f1=Q 70. Kc5 Qe7+ 71. Kd4 Qc7 72. Ke3 Qcf4#) 0-1

[Event "1st Serbian League 2022"]
[Site "Vrnjacka Banja"]
[Date "2022.09.26"]
[Round "7.11"]
[White "Savic, Miodrag R"]
[Black "Ratkovic, Miloje"]
[Result "1/2-1/2"]
[ECO "B11"]
[WhiteElo "2406"]
[BlackElo "2498"]
[Annotator "TA"]
[PlyCount "46"]
[EventDate "2022.09.20"]
[EventType "team-tourn"]
[EventCountry "SRB"]
[SourceTitle "playchess.com"]
[Source "ChessBase"]
[SourceQuality "1"]
[TimeControl "40/5400+30:1800+30"]

1. e4 c6 2. Nf3 d5 3. Nc3 dxe4 4. Nxe4 Nf6 5. Qe2 Nxe4 6. Qxe4 Qd5 {[%emt 0:03:41] B11: Caro-Kann: Two Knights Variation.} 7. Qh4 Qe6+ 8. Be2 Qg4 9. Qxg4 Bxg4 10. h3 Bh5 11. O-O e6 12. d4 Be7 13. Bf4 O-O {[%emt 0:00:51] The position is equal.} 14. c3 {[%emt 0:03:58] [#]} Nd7 $146 ({Predecessor:} 14... c5 15. dxc5 Bxc5 16. Rfe1 Nc6 17. Nd2 Bxe2 18. Rxe2 Rfd8 19. Nb3 Bb6 20. Ree1 Rd7 21. Rad1 Rad8 22. Rxd7 Rxd7 23. Kf1 Kf8 {½-½ (23) Wartenberg,A (1790)-Peglau,D (2008) Willingen 2022}) 15. a4 a5 16. Rfe1 Rfe8 17. Ne5 Nxe5 18. Bxe5 ({Don't play} 18. Bxh5 Nd3 19. g3 (19. Re4 f5 $17) 19... Nxe1 20. Rxe1 Red8 $17) 18... Bxe2 19. Rxe2 Rad8 20. Bc7 Rd5 21. Re5 Bd8 22. Bxd8 Rexd8 23. Rae1 Kf8 {[%emt 0:01:44] Not much happened in this game.  Weighted Error Value: White=0.08 (flawless) /Black=0.04 (flawless)} 1/2-1/2